 Dungeon Crawl Stone Soup version 0.25.1-1-g288607f5aa (webtiles) character file.

Game seed: 2823423518253713101

260 Delamore the Chopper (level 6, -2/47 HPs)
             Began as a Formicid Fighter on July 28, 2020.
             Splashed by Ijyb's acid (13 damage)
             ... on level 3 of the Dungeon.
             The game lasted 00:03:05 (3402 turns).

Delamore the Chopper (Formicid Fighter)             Turns: 3402, Time: 00:03:06

Health: -2/47      AC:  9    Str: 22    XL:     6   Next: 41%
Magic:  6/6        EV:  8    Int:  8    God:
Gold:   65         SH:  9    Dex: 10    Spells: 5/5 levels left

rFire    + . .     SeeInvis +   g - +1 hand axe (vorpal)
rCold    . . .     Gourm    .   c - +0 kite shield
rNeg     . . .     Faith    .   x - +4 ring mail {rF+}
rPois    .         Spirit   .   (helmet unavailable)
rElec    .         Reflect  .   (no cloak)
rCorr    .         Harm     .   (no gloves)
MR       .....                  (no boots)
Stlth    ..........             (no amulet)
HPRegen  0.15/turn              (no ring)
MPRegen  0.10/turn              (no ring)

@: no status effects
A: permanent stasis, dig shafts and tunnels, four strong arms, antennae 3
a: Dig, Shaft Self


You were on level 3 of the Dungeon.
You were not hungry.

You visited 1 branch of the dungeon, and saw 3 of its levels.

You collected 65 gold pieces.

Inventory:

Hand Weapons
 a - a +0 war axe
 g - a +1 vorpal hand axe (weapon)
 j - a +0 hand axe
Armour
 b - a +0 scale mail
 c - a +0 kite shield (worn)
 x - a +4 ring mail of fire resistance (worn)
Scrolls
 e - 2 scrolls of noise {unknown}
 i - 6 scrolls of identify
 k - a scroll of teleportation {unknown}
 l - 2 scrolls of blinking {unknown}
 m - a scroll of random uselessness {unknown}
 p - a scroll of magic mapping {unknown}
 q - a scroll of fear {unknown}
 r - 3 scrolls of amnesia {unknown}
 s - a scroll of remove curse
 u - a scroll of immolation {unknown}
 w - a scroll of enchant armour {unknown}
Potions
 d - a potion of might
 h - 3 potions of haste {unknown}
 n - a potion of heal wounds {unknown}
 o - a potion of lignification {unknown}
 t - a potion of curing {unknown}
 z - 2 potions of brilliance {unknown}
Comestibles
 f - 3 rations


   Skills:
 - Level 3.2 Fighting
 + Level 6.3 Axes
 - Level 3.2 Armour
 - Level 3.6 Shields


You had 5 spell levels left.
You didn't know any spells.
Your spell library was empty.

Dungeon Overview and Level Annotations

Branches:
Dungeon (3/15)

Altars:
Fedhas
Yredelemnul
The Shining One

Annotations:
D:3 Ijyb


Innate Abilities, Weirdness & Mutations

You cannot be hasted, slowed, berserked, paralysed or teleported.
You can dig through walls and to a lower floor.
Your four strong arms can wield two-handed weapons with a shield.
You have a pair of large antennae on your head. (SInv)


Message History

You start resting.
Eating one of 7 chunks of flesh.
You eat one of the 7 chunks of flesh.
This raw flesh tastes terrible.
All of the chunks of flesh in your inventory have rotted away.
HP restored.
There is a stone staircase leading down here.
You aren't carrying any items that you can evoke.
You climb downwards.
Level annotation: Ijyb
There is a stone staircase leading up here.
Ijyb zaps a wand.
The bolt of acid misses you.
Ijyb zaps a wand.
The bolt of acid hits you!
You are splashed with acid!
Things that are here:
a +0 leather armour; a +0 robe; a +0 dagger You barely miss Ijyb.
You block Ijyb's attack.
You completely miss Ijyb.
Ijyb screams, "Get away!"
Ijyb zaps a wand.
The bolt of acid hits you!
* * * LOW HITPOINT WARNING * * *
You are splashed with acid!
You die...

... ###... ..##.# #.##.#
#.##.#
######.##.###############{
..).......g.((.>........#
######.##.#.####g######.#
#.#.....#<.@...# #.#
######.#..#..###.##.###.#
.......#..#..# #.##.....#
#####...###).# #.##.#####
........+...)###.########
.####...####.#..........#
.####...# #.#.#.######.#
........# #.#.#.# #.#
........# #.#.#.# #.#


You could see Ijyb.

Vanquished Creatures
  An orc priest (D:3)
  A hound (D:2)
  Jessica (D:2)
  An orc wizard (D:3)
  A worker ant (D:2)
  5 adders (D:2)
  2 worms (D:2)
  3 dart slugs (D:1)
  3 leopard geckos
  7 orcs (D:3)
  8 bats
  5 goblins
  8 hobgoblins
  3 jackals
  3 frilled lizards
  8 kobolds
  6 rats
66 creatures vanquished.

Vanquished Creatures (others)
  A kobold (D:2)
1 creature vanquished.

Grand Total: 67 creatures vanquished

Notes
Turn   | Place    | Note
-------+----------+-------------------------------------------
     0 | D:1      | Delamore the Formicid Fighter began the quest for the Orb.
     0 | D:1      | Reached XP level 1. HP: 18/18 MP: 1/1
   204 | D:1      | Reached XP level 2. HP: 22/24 MP: 2/2
   261 | D:1      | Reached skill level 3 in Axes
   404 | D:1      | Reached XP level 3. HP: 29/29 MP: 3/3
   869 | D:2      | Found a blossoming altar of Fedhas.
  1123 | D:2      | Found a basalt altar of Yredelemnul.
  1299 | D:2      | Reached skill level 4 in Axes
  1299 | D:2      | Reached XP level 4. HP: 35/35 MP: 4/4
  1397 | D:2      | Found a glowing golden altar of the Shining One.
  1860 | D:2      | Reached XP level 5. HP: 29/41 MP: 5/5
  2016 | D:2      | Noticed Jessica
  2026 | D:2      | Killed Jessica
  2026 | D:2      | Reached skill level 5 in Axes
  2327 | D:2      | Noticed an angel
  2619 | D:3      | Reached XP level 6. HP: 19/47 MP: 6/6
  2636 | D:3      | Reached skill level 6 in Axes
  2661 | D:3      | HP: 2/47 [poisoned by a kobold]
  3182 | D:3      | Noticed Ijyb
  3402 | D:3      | Splashed by Ijyb's acid

Illustrated notes

Levels and vault maps discovered:
D:1:      nagdon_arrival_double_spiral, layout_basic
D:2:      layout_basic, grunt_temple_overflow_holy_war, fedhas_altar_3,
          uniq_jessica
D:3:      layout_basic, chequers_ecumenical_altar_simple,
          kennysheep_generic_room_2, uniq_ijyb

Skill      XL: |  1  2  3  4  5  6 |
---------------+-------------------+-----
Axes           | 3 4 5 6 |  6.3
Fighting       | |  3.2
Armour         | |  3.2
Shields        | |  3.6

Action                   |  1- 3 |  4- 6 || total
-------------------------+-------+-------++-------
Melee: War axe           |    37 |       ||    37
       Hand axe          |    74 |   105 ||   179
  Use: Scroll            |       |     2 ||     2
  Eat: Chunk             |     1 |     7 ||     8
Armor: Scale mail        |    53 |    24 ||    77
       Ring mail         |       |     4 ||     4
Dodge: Dodged            |    29 |    25 ||    54
Block: Kite shield       |    65 |    50 ||   115
